 Dungeon Crawl Stone Soup version 0.14-a0-3337-gf4615ed (webtiles) character file.

1627 Sabsy the Grappler (level 8, 0/70 HPs)
             Began as a Minotaur Monk on Feb 13, 2014.
             Slain by a gnoll
             ... wielding a +0,+0 spear
              (4 damage)
             ... on Level 6 of the Dungeon on Mar 16, 2014.
             The game lasted 00:37:43 (8539 turns).

Sabsy the Grappler (Minotaur Monk)                  Turns: 8539, Time: 00:37:43

HP   0/70        AC  2     Str 18      XL: 8   Next: 40%
MP   3/3         EV 15     Int  7      God:
Gold 243         SH  0     Dex  9      Spells:  0 memorised,  7 levels left

rFire  + . .     SeeInvis .       - Unarmed
rCold  . . .     Clarity  .     a - +1 robe
rNeg   . . .     Conserve .     (no shield)
rPois  .         rCorr    .     (helmet restricted)
rElec  .         rRot     .     (no cloak)
SustAb . .       Spirit   .     (no gloves)
rMut   .         Warding  .     (no boots)
Saprov . . .     Stasis   .     (no amulet)
MR     .....                    (no ring)
                                b - ring of protection from fire

@: flying, not resistant to hostile enchantments, unstealthy
A: retaliatory headbutt, horns 2, clumsy 2, deformed body
a: no special abilities


You were on level 6 of the Dungeon.
You were not hungry.

You visited 2 branches of the dungeon, and saw 7 of its levels.

You collected 243 gold pieces.

Inventory:

Missiles
 i - 19 stones (quivered)
Armour
 a - a +1 robe (worn)
Magical devices
 m - a wand of magic darts (0)
Comestibles
 f - 4 bread rations
 h - 3 meat rations
Scrolls
 c - 3 scrolls of remove curse
Jewellery
 b - a ring of protection from fire (left hand)
 e - an uncursed amulet of faith
 l - an uncursed amulet of resist mutation
Potions
 d - a potion of porridge


   Skills:
 - Level 6.0 Fighting
 * Level 8.2 Dodging
 - Level 1.5 Stealth
 + Level 8.5 Unarmed Combat


You had 7 spell levels left.
You didn't know any spells.

Dungeon Overview and Level Annotations

Branches:
Dungeon (6/16)             Temple (1/1) D:5

Altars:
Ashenzari
Cheibriados
Elyvilon
Fedhas
Kikubaaqudgha
Makhleb
Nemelex Xobeh
Okawaru
Sif Muna
Trog
Vehumet
Xom
Yredelemnul
Zin
The Shining One


Innate Abilities, Weirdness & Mutations

You reflexively headbutt those who attack you in melee.
You have a pair of horns on your head.
You are very clumsy. (Dex -4)
Armour fits poorly on your strangely shaped body.


Message History

You see here a rat skeleton.
The gnoll closely misses you.
The giant gecko bites the plant.
The giant gecko bites the plant but does no damage.
The gnoll misses you. The gnoll closely misses you. The gnoll misses you.
You see here a dagger.
You hit the gnoll but do no damage. The gnoll hits you with a spear.
* * * LOW HITPOINT WARNING * * *
You punch the gnoll! You headbutt the gnoll.
The gnoll is heavily wounded.
The gnoll hits you with a spear.
* * * LOW HITPOINT WARNING * * *
You hit the gnoll.
The gnoll is severely wounded.
The gnoll unwields an uncursed spear.
The gnoll drops an uncursed spear.
The gnoll picks up a whip.
The gnoll wields a whip.
The gnoll hits you with a spear.
You die...

,,,,...* *,,,,,,,,,, * ,,,....*
*,,,,,,,,,,,,** ,,$....*
*,,,,,,,,,,,,,*
*#.....###############****
#..........#♣♣P♣♣♣P♣## ,**
#.....g....#♣PP...PPP#,*♣*###
#......)...#P#%.%..PP##P#P#.##
#..........#P...g.%.#l.#P♣#..##
............g)..@§..(#r..P♣#...##
,..%.K.....%##......(#l.PP♣#...)#
,.......(...#PP.....PPPP##♣#.....
,.....(.....#PP#..≈##PP#♣#,#.....
,....z..%..)#♣#♣#♣♣♣♣♣#♣####.....
,...........##########*###.......
,,...................# #.......
,,...................# #.......
,....+###########...# #...(...


You could see 2 gnolls, 2 giant geckos and a rat.

Vanquished Creatures
  An ogre (D:4)
  A gnoll sergeant (D:3)
  A big kobold (D:6)
  2 giant frogs
  A scorpion (D:6)
  2 hounds
  A jelly (D:6)
  3 orc priests
  A gnoll shaman (D:3)
  2 worker ants
  2 orc wizards
  18 adders
  36 gnolls
  2 giant mites
  4 worms
  2 adder skeletons (D:4)
  5 giant geckos
  3 oozes
  5 orcs (D:5)
  7 giant cockroaches
  5 goblins
  12 hobgoblins
  21 jackals
  11 kobolds
  2 ball pythons
  12 bats
  A giant gecko skeleton (D:6)
  3 giant newts
  4 quokkas
  9 rats
179 creatures vanquished.

Notes
Turn   | Place    | Note
--------------------------------------------------------------
     0 | D:1      | Sabsy, the Minotaur Monk, began the quest for the Orb.
     0 | D:1      | Reached XP level 1. HP: 19/19 MP: 1/1
    31 | D:1      | Reached XP level 2. HP: 25/27 MP: 1/1
   272 | D:1      | Reached skill level 5 in Unarmed Combat
   854 | D:2      | Upgraded the game from 0.14-a0-2604-g6f603d6 to 0.14-a0-3337-gf4615ed
   867 | D:2      | Reached XP level 3. HP: 32/34 MP: 2/2
  1129 | D:2      | Reached XP level 4. HP: 18/41 MP: 2/2
  1368 | D:2      | Reached skill level 5 in Fighting
  1715 | D:2      | Reached XP level 5. HP: 43/48 MP: 2/2
  1737 | D:2      | Reached skill level 6 in Unarmed Combat
  2077 | D:3      | Found a glowing golden altar of the Shining One.
  2077 | D:3      | Found a blossoming altar of Fedhas.
  2078 | D:3      | Found a shattered altar of Ashenzari.
  2684 | D:2      | Reached XP level 6. HP: 22/57 MP: 3/3
  2939 | D:3      | Reached skill level 7 in Unarmed Combat
  3179 | D:2      | Gained mutation: You are clumsy. (Dex -2) [potion of mutation]
  3179 | D:2      | Gained mutation: You are very clumsy. (Dex -4) [potion of mutation]
  3179 | D:2      | Gained mutation: Armour fits poorly on your strangely shaped body. [potion of mutation]
  3765 | D:3      | HP: 1/57 [gnoll/spear (4)]
  4088 | D:2      | Reached XP level 7. HP: 54/63 MP: 3/3
  4105 | D:2      | Reached skill level 5 in Dodging
  6114 | D:4      | Found a snail-covered altar of Cheibriados.
  6502 | D:5      | Entered Level 5 of the Dungeon
  6526 | D:5      | Found a staircase to the Ecumenical Temple.
  6535 | Temple   | Entered the Ecumenical Temple
  7303 | D:5      | Reached XP level 8. HP: 55/70 MP: 3/3
  7393 | D:5      | Reached skill level 8 in Unarmed Combat
  8538 | D:6      | HP: 3/70 [gnoll/spear (6)]
  8539 | D:6      | Slain by a gnoll

Action                   |  1- 3 |  4- 6 |  7- 9 || total
-------------------------+-------+-------+-------++-------
Melee: Unarmed           |    56 |   225 |   240 ||   521
Throw: Stone             |       |       |    12 ||    12
Evoke: Wand              |       |       |     6 ||     6
  Use: Scroll            |     1 |     5 |     6 ||    12
       Potion            |       |     8 |     6 ||    14
